 Dungeon Crawl Stone Soup version 0.31.0-9-g3a7656b989 (webtiles) character file.

Game seed: 261280929359872377

7 hikkokomori the Apothecary (level 2, 0/16 HPs)
             Began as a Gargoyle Alchemist on Jan 24, 2024.
             Slain by a quokka (4 damage)
             ... on level 1 of the Dungeon.
             The game lasted 00:00:52 (206 turns).

hikkokomori the Apothecary (Gargoyle Alchemist)      Turns: 206, Time: 00:00:53

Health: 0/16       AC: 13    Str: 11    XL:     2   Next: 0%
Magic:  5/5        EV:  5    Int: 15    God:
Gold:   2          SH:  0    Dex: 10    Spells: 4/5 levels left

rFire   . . .        e - +0 war axe
rCold   . . .        (no shield)
rNeg    + . .        d - +0 shadow dragon scales
rPois   ∞            (no helmet)
rElec   +            (no cloak)
rCorr   .            (no gloves)
SInv    .            (no boots)
Will    .....        (no amulet)
Stlth   +++          (no ring)
HPRegen 0.22/turn    (no ring)
MPRegen 0.09/turn

%: no passive effects
@: no status effects
A: sickness immunity, AC +2, negative energy resistance 1, electricity
resistance, torment resistance 1, petrification resistance
a: no special abilities


You were on level 1 of the Dungeon.
You visited 1 branch of the dungeon, and saw 1 of its levels.

You collected 2 gold pieces.

Inventory:

Hand Weapons
 e - a +0 war axe (weapon)
Armour
 a - a +0 robe
 d - +0 shadow dragon scales (worn)
Scrolls
 c - 2 scrolls of identify {unknown}
Potions
 b - a potion of magic


   Skills:
 + Level 0.5 Fighting
 - Level 1.5 Dodging
 - Level 2.1 Stealth
 + Level 2.1 Spellcasting
 + Level 1.3 Conjurations
 + Level 2.5 Alchemy


You had 4 spell levels left.
You knew the following spells:

 Your Spells              Type           Power      Damage    Failure   Level
a - Sting                 Conj/Alch      28%        1d4       99%         1

Your spell library contained the following spells:

 Spells                   Type           Power      Damage    Failure   Level
 Mercury Vapours          Alch/Air       10%        N/A       100%        2
 Mephitic Cloud           Conj/Alch/Air  5%         N/A       100%        3
 Olgreb's Toxic Radiance  Alch           9%         N/A       100%        4
 Sticky Flame             Fire/Alch      5%         2d4       100%        4


Dungeon Overview and Level Annotations

Branches:
Dungeon (1/15)

Altars:


Innate Abilities, Weirdness & Mutations

You are immune to sickness and miasma.
Your stone body is resilient. (AC +2)
You are immune to poison.
You resist negative energy. (rN+)
You are resistant to electric shocks. (rElec)
You are resistant to unholy torment.
You are immune to petrification.


Message History

You closely miss the quokka. The quokka barely misses you.
The quokka bites you but does no damage.
Unknown command.
You hit the quokka.
The quokka is heavily wounded.
You barely miss the quokka. You completely miss the hobgoblin.
The quokka bites you but does no damage. x3
The hobgoblin hits you but does no damage.
The quokka bites you but does no damage.
Unknown command.
You hit the quokka.
The quokka is almost dead.
You barely miss the quokka. You hit the hobgoblin.
The quokka bites you but does no damage.
The hobgoblin hits you but does no damage.
The quokka barely misses you.
The quokka bites you but does no damage.
The hobgoblin hits you but does no damage.
You hit the hobgoblin.
You kill the hobgoblin!
You closely miss the quokka. You hit the quokka but do no damage.
The quokka barely misses you. The quokka bites you.
The quokka bites you but does no damage.
The quokka bites you.
* * * LOW HITPOINT WARNING * * *
You have reached level 2!
You closely miss the quokka.
The quokka is almost dead.
You barely miss the quokka. The quokka completely misses you.
The quokka bites you but does no damage. x3
Unknown command.
You barely miss the quokka.
The quokka is almost dead.
You closely miss the quokka. The quokka barely misses you.
The quokka bites you but does no damage. x2
Unknown command.
You hit the quokka but do no damage.
The quokka is almost dead.
You closely miss the quokka. The quokka bites you.
You die...

#####
#########......#
#.....>.#......#
+...........>..#
#.......#[.....#
#.......#......#
#.......#......#
#.......####.r##
#.........##.r@#
##†...(......#†.#
###..#########.....#
....##..≈°○○.##....#
#####.≈≈°○§☼○.#....#
#..≈°°§☼○.#.#...#
##...≈§§○##......
####
###############.#
#..## ##≈.≈# #..##


You could see 2 quokkas.

Vanquished Creatures
  A ball python (D:1)
  2 bats (D:1)
  A hobgoblin (D:1)
  2 frilled lizards (D:1)
  A rat (D:1)
7 creatures vanquished.

Notes
Turn   | Place    | Note
-------+----------+-------------------------------------------
     0 | D:1      | hikkokomori the Gargoyle Alchemist began the quest for the
                  | Orb.
     0 | D:1      | Reached XP level 1. HP: 10/10 MP: 3/3
   204 | D:1      | Reached XP level 2. HP: 3/16 MP: 5/5
   206 | D:1      | Slain by a quokka

Illustrated notes

Levels and vault maps discovered:
D:1:      shiori_arrival_elements, layout_basic

Action                     || total
---------------------------++-------
  Melee: Unarmed           ||    20
         War axe           ||     7
         Punch             ||     1
   Cast: Sting             ||     6
 Armour: Shadow dragon sca ||    24
         Robe              ||    14
  Dodge: Dodged            ||    33
